Map: White Rabbit LE

Players

TTVGKGektor

  • Race: Terran Terran
  • League: Diamond
  • Spawn Location: 7:00

HoldTheDoor - Winner!

  • Race: Protoss Protoss
  • League: Diamond
  • Spawn Location: 1:00

VOD

Have the link to the VOD?

Description

Time

  • Played on: May 11, 2026, 11:44 a.m.
  • Length: 13:27
Show
View Real Time Build Order
Export as new Build Order

TTVGKGektor Terran 

Build Orders:  

Get SALT Encoding   

  12  0:00  SCV  
  13  0:12  SCV  
  14  0:21  Supply Depot  
  14  0:26  SCV  
  15  0:42  SCV  
  16  0:45  Barracks  
  16  0:48  Refinery  
  16  0:54  SCV  
  17  1:06  SCV  
  18  1:18  SCV  
  19  1:31  SCV  
  20  1:37  Marine  
  21  1:45  Orbital Command  
  20  1:55  Command Center  
  20  1:59  Barracks Tech Lab  
  20  2:07  Supply Depot  
  20  2:11  SCV  
  21  2:19  Marauder  
  21  2:21  Concussive Shells  
  23  2:28  SCV  
  24  2:30  Barracks  
  24  2:40  SCV  
  24  2:41  Barracks  
  25  2:49  Marauder  
  27  2:52  SCV  
  28  3:01  Refinery  
  28  3:05  SCV  
  29  3:08  Supply Depot  
  29  3:14  Marine  
  29  3:17  SCV, Orbital Command  
  31  3:25  Barracks Reactor  
  31  3:29  SCV  
  32  3:37  Barracks Reactor  
  32  3:38  Stimpack  
  32  3:41  SCV, Marine  
  33  3:43  SCV  
  35  3:53  SCV  
  35  3:55  SCV  
  37  4:00  Marauder  
  39  4:03  Engineering Bay  
  39  4:05  SCV  
  39  4:07  Factory, SCV  
  39  4:09  Refinery  
  41  4:12  Marine  
  41  4:15  Marine x2  
  44  4:17  SCV  
  44  4:19  SCV  
  44  4:23  Supply Depot  
  48  4:24  Marauder  
  48  4:29  SCV, Marine  
  48  4:30  Marine  
  51  4:31  SCV  
  51  4:33  Terran Infantry Weapons Level 1  
  52  4:39  Missile Turret  
  52  4:41  SCV  
  52  4:43  SCV  
  54  4:46  Supply Depot  
  54  4:53  SCV  
  54  4:55  Starport, SCV  
  56  5:01  Factory Reactor  
  56  5:03  Marauder  
  56  5:05  SCV  
  59  5:07  SCV  
  59  5:11  Supply Depot, Marine  
  59  5:12  Marine  
  59  5:13  Marine  
  63  5:14  Marine  
  63  5:18  SCV  
  63  5:19  SCV  
  66  5:25  Marauder  
  68  5:29  Marine x2  
  68  5:32  Marine, SCV x2  
  68  5:33  Supply Depot  
  68  5:34  Supply Depot  
  73  5:38  Marine  
  74  5:46  SCV x2  
  74  5:48  Marauder  
  74  5:49  Factory Reactor  
  78  5:54  Marine x3  
  78  5:55  Medivac x2  
  78  5:57  Supply Depot x2  
  85  5:58  SCV x2  
  85  5:59  Marine  
  85  6:01  Combat Shield  
  88  6:10  SCV  
  88  6:11  SCV  
  90  6:13  Marauder, Marine x2  
  90  6:18  Marine x2  
  96  6:26  Supply Depot  
  96  6:29  Supply Depot  
  96  6:32  Marine x2  
  98  6:34  Marauder  
  98  6:36  Marine x2, Medivac x2, Widow Mine  
  98  6:37  Widow Mine  
  110  6:47  SCV  
  110  6:48  SCV  
  110  6:50  Marine  
  113  6:54  Command Center  
  113  6:58  Marine, Marauder  
  87  7:19  Marine x2  
  87  7:20  Marauder  
  70  7:28  Marine x2  
  65  7:32  SCV x2  
  65  7:37  Marine x2  
  65  7:41  Marauder  
  67  7:46  Marine, Viking x2  
  67  7:47  Widow Mine x2  
  76  7:54  SCV x2  
  78  8:01  Refinery  
  78  8:02  Marine x3, Marauder  
  78  8:05  Supply Depot  
  83  8:20  Viking x2  
  83  8:23  SCV x2, Terran Infantry Armor Level 1  
  89  8:33  Orbital Command  
  89  8:37  Marauder  
  91  8:47  SCV x2  
  93  8:51  Viking  
  93  8:52  Marine  
  96  8:59  Marauder  
  96  9:02  SCV x3  
  97  9:14  SCV x2  
  87  9:20  Marauder  
  87  9:21  Marine x2  
  91  9:33  Widow Mine x2  
  91  9:35  Viking x2  
  99  9:41  Marauder  
  95  9:55  Marine x4  
  83  10:03  Marauder  
  77  10:10  Viking  
  77  10:11  Barracks x2  
  77  10:13  Marine  
  77  10:15  SCV x3  
  80  10:24  Marauder  
  80  10:27  Marine x3, SCV  
  86  10:34  SCV x2  
  88  10:37  Refinery  
  88  10:39  SCV, Widow Mine x2  
  93  10:43  Neosteel Armor  
  93  10:46  Marauder, Engineering Bay  
  93  10:47  Armory  
  93  10:49  Marine  
  95  10:50  Marine, Ghost Academy  
  97  11:02  SCV x3  
  100  11:07  Marauder  
  102  11:22  Marine x4  
  107  11:27  Barracks Tech Lab  
  107  11:28  Marauder  
  107  11:31  Widow Mine x2  
  107  11:32  Barracks Reactor, Viking  
  112  11:33  Viking  
  112  11:36  SCV x3  
  112  11:38  Starport  
  119  11:40  Marine  
  119  11:41  Command Center  
  120  11:48  SCV, Supply Depot  
  104  12:02  Marine x5, Marauder  
  91  12:10  Marine x2  
  75  12:20  Marine x5  
  68  12:24  Marauder  
  68  12:28  Marine x2  
  67  12:39  Marauder  
  67  12:42  Starport Reactor  
  67  12:43  SCV x2  
  60  12:45  Marauder  
  60  13:00  Marauder, Marine x3  
  69  13:07  SCV x2  
Show
View Real Time Build Order
Export as new Build Order

HoldTheDoor Protoss - Winner!

Build Orders: 1 Gate Expand, Colossus Rush 

Get SALT Encoding   

  12  0:00  Probe  
  13  0:12  Probe  
  14  0:17  Pylon  
  14  0:24  Probe  
  15  0:32  Probe  
  15  0:40  Probe  
  15  0:41  Gateway  
  16  0:48  Assimilator  
  17  0:50  Probe  
  18  1:02  Probe  
  19  1:05  Pylon  
  19  1:15  Probe  
  20  1:29  Cybernetics Core  
  20  1:35  Nexus  
  20  1:45  Probe  
  21  1:48  Assimilator  
  21  1:56  Pylon  
  21  1:59  Probe  
  22  2:07  Adept  
  22  2:11  Warp Gate  
  24  2:19  Shield Battery  
  24  2:20  Probe  
  25  2:32  Probe  
  26  2:37  Sentry  
  26  2:41  Pylon  
  28  2:44  Probe  
  28  2:47  Probe  
  30  2:56  Probe  
  30  2:57  Robotics Facility  
  31  2:59  Probe  
  32  3:08  Probe  
  32  3:09  Stalker  
  32  3:11  Probe  
  36  3:21  Probe  
  36  3:23  Probe  
  38  3:33  Probe  
  39  3:36  Probe  
  40  3:42  Shield Battery  
  40  3:44  Immortal  
  40  3:45  Probe  
  45  3:49  Probe  
  45  3:50  Robotics Bay  
  46  3:57  Probe, Assimilator  
  46  3:59  Assimilator  
  46  4:01  Pylon  
  47  4:04  Adept  
  47  4:07  Probe  
  50  4:14  Probe  
  51  4:19  Probe  
  56  4:26  Probe, Gateway  
  56  4:28  Gateway  
  57  4:32  Probe  
  57  4:37  Zealot  
  57  4:38  Probe  
  57  4:44  Probe  
  58  4:45  Pylon  
  58  4:50  Probe  
  58  4:51  Pylon, Colossus  
  59  4:59  Zealot  
  67  5:08  Pylon, Probe x2  
  67  5:09  Extended Thermal Lance  
  69  5:16  Twilight Council  
  69  5:18  Pylon  
  69  5:21  Pylon  
  69  5:26  Zealot x3  
  75  5:36  Colossus  
  75  5:37  Probe  
  75  5:42  Charge  
  76  5:47  Zealot x3  
  89  5:50  Probe  
  89  6:09  Probe  
  90  6:15  Colossus  
  90  6:21  Forge  
  90  6:23  Zealot x2  
  90  6:24  Zealot  
  102  6:42  Pylon  
  102  6:43  Pylon  
  102  6:45  Nexus  
  102  6:46  Pylon  
  102  6:49  Pylon  
  102  6:50  Protoss Ground Weapons Level 1  
  102  6:56  Pylon  
  100  7:10  Gateway x2  
  100  7:13  Gateway  
  87  7:18  Zealot x3  
  83  7:33  Photon Cannon  
  83  7:38  Photon Cannon  
  83  7:39  Pylon  
  83  7:51  Pylon  
  83  7:54  Photon Cannon  
  83  7:56  Photon Cannon  
  83  7:58  Photon Cannon x2  
  83  7:59  Pylon  
  83  8:02  Photon Cannon  
  83  8:03  Pylon  
  83  8:04  Pylon  
  83  8:10  Stargate  
  83  8:14  Immortal  
  87  8:25  Templar Archives  
  87  8:28  Pylon  
  87  8:30  Photon Cannon  
  87  8:35  Photon Cannon  
  87  8:39  Stalker  
  87  8:41  Stalker  
  91  8:57  Immortal  
  91  8:59  Phoenix  
  97  9:04  Photon Cannon  
  97  9:06  Stalker  
  98  9:27  Pylon, Photon Cannon  
  98  9:30  Photon Cannon  
  98  9:32  Pylon, Probe  
  98  9:34  Photon Cannon  
  98  9:35  Zealot  
  91  9:54  Stalker x3  
  91  9:55  Stalker  
  89  10:08  Stalker x2  
  89  10:09  Probe x2  
  89  10:10  Protoss Ground Armor Level 1  
  95  10:17  Immortal  
  99  10:21  Probe x2  
  101  10:29  Probe  
  101  10:33  Probe x2  
  104  10:41  Assimilator  
  104  10:44  Photon Cannon  
  104  10:45  Probe  
  104  10:46  Pylon  
  104  10:49  Shield Battery  
  105  10:50  Photon Cannon  
  105  10:51  Phoenix  
  107  11:02  Zealot x3  
  107  11:03  Zealot  
  115  11:05  High Templar x2  
  115  11:11  Psionic Storm  
  119  11:24  High Templar x4  
  127  11:28  Archon x2  
  127  11:43  Gateway  
  127  11:46  Gateway  
  127  11:50  Gateway  
  127  11:51  Gateway  
  123  11:54  Gateway  
  101  12:21  Observer  
  99  12:27  Zealot x4  
  99  12:28  Zealot x2  
  104  12:39  Immortal  
  104  12:45  Phoenix  
  106  12:55  Pylon  
  106  12:58  Pylon  
  106  12:59  Photon Cannon  
  106  13:00  Probe x3  
  106  13:03  Photon Cannon  
  106  13:04  High Templar x4  
  106  13:05  High Templar x6, Photon Cannon  
  129  13:08  Archon x2  
  129  13:09  Archon  
  129  13:10  Photon Cannon  
  129  13:12  Probe  
  132  13:13  Archon  
  132  13:18  Assimilator  
Tags
 
Add a new tag
Caveats
  • Supply blocks, unpowered buildings, or Contaminate may cause inaccurate times.
  • Supply counts are checked every 10 seconds.